 Dungeon Crawl Stone Soup version 0.25-a0-565-g8875c97ebb (webtiles) character file.

Game seed: 3736366727447175471, levelgen mode: deterministic

105 Emblim88 the Ruffian (level 4, -2/41 HPs)
             Began as a Troll Transmuter on Feb 26, 2020.
             Slain by a hobgoblin (3 damage)
             ... led by Robin
             ... on level 2 of the Dungeon.
             The game lasted 00:01:39 (1098 turns).

Emblim88 the Ruffian (Troll Transmuter)             Turns: 1098, Time: 00:01:39

Health: -2/41      AC:  7    Str: 18    XL:     4   Next: 54%
Magic:  4/4        EV: 10    Int: 10    God:
Gold:   24         SH:  0    Dex: 10    Spells: 4/5 levels left

rFire    . . .     SeeInvis .     - Unarmed
rCold    + . .     Gourm    +   (no shield)
rNeg     . . .     Faith    .   b - +0 robe
rPois    .         Spirit   .   (helmet restricted)
rElec    .         Reflect  .   k - +0 cloak
rCorr    .         Harm     .   (gloves unavailable)
MR       .....                  (boots unavailable)
Stlth    +.........             (no amulet)
HPRegen  0.53/turn              i - ring of protection from cold
MPRegen  0.09/turn              (no ring)

@: no status effects
A: large, unfitting armour, claws 3, fast metabolism 3, gourmand, regeneration
1, shaggy fur 1, tough skin 3
a: no special abilities


You were on level 2 of the Dungeon.
You were not hungry.

You visited 1 branch of the dungeon, and saw 2 of its levels.

You collected 24 gold pieces.

Inventory:

Missiles
 a - 31 arrows
 c - 18 stones (quivered)
Armour
 b - a +0 robe (worn)
 k - a +0 cloak (worn)
Jewellery
 i - a ring of protection from cold (left claw)
Scrolls
 e - 2 scrolls of teleportation {unknown}
 f - a scroll of fog {unknown}
 j - a scroll of fear {unknown}
 l - a scroll of immolation {unknown}
Potions
 g - a potion of curing {unknown}
 h - 2 potions of degeneration {unknown}
Comestibles
 d - 3 rations


   Skills:
 + Level 1.5 Fighting
 + Level 1.1 Throwing
 + Level 2.1 Dodging
 + Level 3.5 Unarmed Combat
 - Level 1.2 Spellcasting
 * Level 2.3 Transmutations


You had 4 spell levels left.
You knew the following spells:

 Your Spells              Type           Power        Failure   Level  Hunger
a - Beastly Appendage     Tmut           #.....       13%         1    ##.....

Your spell library contained the following spells:

 Spells                   Type           Power        Failure   Level  Hunger
 Sticks to Snakes         Tmut           #.......     21%         2    ###....
 Spider Form              Tmut/Pois      #.........   54%         3    ####...
 Ice Form                 Ice/Tmut       #.......     91%         4    #####..
 Blade Hands              Tmut           #.........   98%         5    ######.


Dungeon Overview and Level Annotations

Branches:
Dungeon (2/15)

Altars:


Innate Abilities, Weirdness & Mutations

You are too large for most types of armour.
You have claws for hands.
Your metabolism is lightning-fast.
You like to eat raw meat.
Your natural rate of healing is unusually fast.
You are covered in fur. (AC +1)
You have extremely tough skin. (AC +3)


Message History

The goblin is heavily wounded.
The goblin hits you but does no damage. x2; The hobgoblin barely misses you.
The goblin hits you but does no damage.
You barely miss the goblin.
The goblin is heavily wounded.
The goblin barely misses you. The goblin hits you but does no damage.
The hobgoblin hits you but does no damage.
The goblin completely misses you. The goblin barely misses you.
You closely miss the goblin.
The goblin is heavily wounded.
The goblin hits you with a +0 dagger.
* * * LOW HITPOINT WARNING * * *
The goblin barely misses you. The hobgoblin barely misses you.
The goblin hits you but does no damage.
You claw the goblin!
You kill the goblin!
The goblin hits you with a +0 club.
* * * LOW HITPOINT WARNING * * *
The goblin misses you. The hobgoblin hits you.
You die...

.)...# .#...........
...#.#### ..(...!.....
...#...... ...........
.........# ##..........
....###... .......#...
..### #.# #.........#
.### #.######.gg..#..#
...#####..##...gg##....#
..............lg@g......
...#####....####)#####..
..........### #.#
.....†...............#
...#########.........#
#### ##...........
#........#.. ##########
.


You could see a leopard gecko, a hobgoblin and 5 goblins.

Vanquished Creatures
  Jessica (D:2)
  Robin (D:2)
  An adder (D:2)
  2 oozes (D:1)
  A dart slug (D:1)
  2 leopard geckos
  A giant cockroach (D:1)
  13 goblins
  5 hobgoblins
  3 kobolds (D:1)
  4 ball pythons
  9 bats (D:1)
  2 frilled lizards (D:1)
  3 rats (D:1)
48 creatures vanquished.

Notes
Turn   | Place    | Note
-------+----------+-------------------------------------------
     0 | D:1      | Emblim88 the Troll Transmuter began the quest for the Orb.
     0 | D:1      | Reached XP level 1. HP: 18/18 MP: 1/1
   286 | D:1      | Reached skill level 1 in Fighting
   286 | D:1      | Reached XP level 2. HP: 23/27 MP: 2/2
   409 | D:1      | Reached XP level 3. HP: 26/33 MP: 3/3
  1006 | D:2      | Noticed Jessica
  1011 | D:2      | Killed Jessica
  1011 | D:2      | Reached skill level 1 in Throwing
  1011 | D:2      | Reached XP level 4. HP: 30/41 MP: 4/4
  1068 | D:2      | Noticed Robin
  1086 | D:2      | Killed Robin
  1097 | D:2      | HP: 2/41 [goblin/+0 dagger[Robin] (4)]
  1098 | D:2      | Slain by a hobgoblin

Levels and vault maps discovered:
D:1:      dpeg_cavernosity, layout_loops_ring, minmay_misc_feat_nine_boxes
D:2:      layout_rooms, uniq_jessica, uniq_robin, uniq_sigmund

Skill      XL: |  1  2  3 |
---------------+----------+-----
Fighting       | 1 |  1.5
Transmutations | 2 |  2.3
Throwing       | 1 |  1.1
Dodging        | 2 |  2.1
Unarmed Combat | |  3.5
Spellcasting   | |  1.2

Action                   |  1- 3 |  4- 6 || total
-------------------------+-------+-------++-------
Melee: Unarmed           |    86 |    38 ||   124
       Headbutt          |       |     4 ||     4
 Cast: Beastly Appendage |       |     1 ||     1
  Eat: Chunk             |     7 |       ||     7
Armor: Robe              |    47 |    35 ||    82
Dodge: Dodged            |    54 |    40 ||    94

Table legend:
 A = Non-vault XP
 B = Vault XP
 C = Vault XP percentage of total XP
 D = Non-vault monster count
 E = Vault monster count
 F = Vault count percentage of total count
                 A         B        C        D         E       F
            +---------+---------+-------+---------+---------+-------
      Total |      81 |      70 |  46.4 |      35 |      13 |  27.1
            +---------+---------+-------+---------+---------+-------
        D:1 |      62 |       6 |   8.8 |      31 |       4 |  11.4
        D:2 |      19 |      64 |  77.1 |       4 |       9 |  69.2
            +---------+---------+-------+---------+---------+-------
